 Dungeon Crawl Stone Soup version 0.29.1-12-g30fa7ad0bf (webtiles) character file.

Game seed: 484868387930254408

65 funkygono the Firebug (level 3, 0/24 HPs)
             Began as a Demonspawn Fire Elementalist on Jan 4, 2023.
             Slain by Terence
             ... wielding a +0 short sword of holy wrath
              (10 damage)
             ... on level 2 of the Dungeon.
             The game lasted 00:02:38 (1862 turns).

funkygono the Firebug (DsFE)                        Turns: 1862, Time: 00:02:38

Health: 0/24       AC:  2    Str: 14    XL:     3   Next: 94%
Magic:  3/7        EV: 12    Int: 20    God:
Gold:   71         SH:  0    Dex: 13    Spells: 2/8 levels left

rFire   . . .      SeeInvis .   d - +0 club
rCold   x . .      Faith    .   (no shield)
rNeg    + . .      Spirit   .   a - +0 robe
rPois   .          Reflect  .   (no helmet)
rElec   .          Harm     .   (no cloak)
rCorr   .          Rampage  .   (no gloves)
Will    .....                   (no boots)
Stlth   ++........              (no amulet)
HPRegen 0.08/turn               m - ring of Veuplili {rC- rN+ Str+6 Int+2}
MPRegen 0.10/turn               (no ring)

@: no status effects
A: demonic magic 1
a: no special abilities


You were on level 2 of the Dungeon.
You visited 1 branch of the dungeon, and saw 2 of its levels.

You collected 71 gold pieces.

Inventory:

Hand Weapons
 d - a +0 club (weapon)
Armour
 a - a +0 robe (worn)
 i - a +0 scale mail
 j - an orb of light
Jewellery
 m - the ring of Veuplili (left hand) {rC- rN+ Str+6 Int+2}
   (You found it on level 2 of the Dungeon)

   [ring of strength]

   Str:       It affects your strength (+6).
   Int:       It affects your intelligence (+2).
   rC:        It makes you vulnerable to cold.
   rN:        It protects you from negative energy.
Scrolls
 e - 2 scrolls of identify {unknown}
 h - a scroll of teleportation {unknown}
 k - a scroll of enchant weapon {unknown}
 l - a scroll of magic mapping {unknown}
 o - a scroll of summoning {unknown}
Potions
 b - a potion of magic
 c - a potion of flight {unknown}
 f - a potion of haste
 g - 2 potions of heal wounds {unknown}
 n - a potion of resistance {unknown}


   Skills:
 + Level 1.9 Dodging
 - Level 1.7 Stealth
 + Level 3.1 Spellcasting
 + Level 1.2 Conjurations
 + Level 3.4 Fire Magic


You had 2 spell levels left.
You knew the following spells:

 Your Spells              Type           Power      Damage    Failure   Level
a - Foxfire               Conj/Fire      48%        2x1d6     5%          1
b - Scorch                Fire           32%        2d7       5%          2
c - Conjure Flame         Conj/Fire      12%        6-21      16%         3

Your spell library contained the following spells:

 Spells                   Type           Power      Damage    Failure   Level
 Necrotise                Necr           12%        1d4       14%         1
 Inner Flame              Hex/Fire       10%        N/A       21%         3
 Vampiric Draining        Necr           3%         2d6       38%         3
 Flame Wave               Conj/Fire      12%        2d6       47%         4
 Agony                    Necr           3%         N/A       98%         5


Dungeon Overview and Level Annotations

Branches:
Dungeon (2/15)

Altars:

Annotations:
D:2 Terence


Innate Abilities, Weirdness & Mutations

Spells you cast may paralyse adjacent enemies.


Message History

The adder hisses angrily.
The foxfire hits the adder.
The adder is severely wounded.
The foxfire hits the adder.
You kill the adder!
Unknown command.
Terence the Incautious comes into view.
He is wielding a +0 short sword of holy wrath.
Terence shouts!
You hear an angry hiss.
Your foxfire dissipates!
A frilled lizard comes into view.
Casting: Foxfire (safe; 5% risk of failure)
Confirm with . or Enter, or press ? or * to list all spells.
You conjure some foxfire!
Malevolent energies surge around you.
Casting: Foxfire (safe; 5% risk of failure)
Confirm with . or Enter, or press ? or * to list all spells.
You conjure some foxfire!
Malevolent energies surge around you.
The foxfire hits the bat.
The bat is moderately wounded.
The foxfire hits the bat.
The bat is severely wounded.
The bat barely misses you.
An endoplasm comes into view.
Casting: Foxfire (safe; 5% risk of failure)
Confirm with . or Enter, or press ? or * to list all spells.
You conjure some foxfire!
Malevolent energies surge around you.
The bat suddenly stops moving!
The foxfire hits the bat.
You kill the bat!
The foxfire hits Terence but does no damage.
Unknown command.
The foxfire hits Terence but does no damage. x2
Terence drinks a potion.
Terence seems to speed up.
You see here a bat corpse.
Terence says, "Time to say good-bye..."
Terence attacks as you move away!
Terence hits you with a +0 short sword of holy wrath.
You convulse.
Terence attacks as you move away!
Terence hits you with a +0 short sword of holy wrath!
You convulse!
You die...

........)##..#.# #.#
.............#.### #.#
.##.....####.#...# #.#
.................# #.#
.######.####.##..# #.#
.# #†####.##..# #.#
.######..†....#..# #.#
......######..#..# #.#
.####.#### #).#.@#####.#
.........# #....@......#
.####.##.###..#+#..#.###
## #.##.##..## ##.#.# #
#.##.#...# #.l.##
#.......#######.†.#
#.......#)....#J..#
#..###..#.....'...#
#####..# #.#########..#


You could see Terence (fast), an endoplasm and a frilled lizard.

Vanquished Creatures
  3 adders (D:2)
  A dart slug (D:2)
  2 endoplasms (D:1)
  A giant cockroach (D:1)
  7 goblins
  3 hobgoblins (D:1)
  2 jackals
  3 kobolds (D:1)
  2 ball pythons (D:1)
  7 bats
  A frilled lizard (D:1)
  2 rats (D:2)
34 creatures vanquished.

Vanquished Creatures (others)
  79 foxfires
79 creatures vanquished.

Grand Total: 113 creatures vanquished

Notes
Turn   | Place    | Note
-------+----------+-------------------------------------------
     0 | D:1      | funkygono the Demonspawn Fire Elementalist began the quest
                  | for the Orb.
     0 | D:1      | Reached XP level 1. HP: 13/13 MP: 3/3
   270 | D:1      | Gained mutation: Spells you cast may paralyse adjacent
                  | enemies. [demonic ancestry]
   270 | D:1      | Reached XP level 2. HP: 19/19 MP: 1/5
   273 | D:1      | Learned a level 2 spell: Scorch
  1312 | D:2      | Reached XP level 3. HP: 24/24 MP: 1/6
  1316 | D:2      | Learned a level 3 spell: Conjure Flame
  1482 | D:2      | Identified the ring of Veuplili {rC- rN+ Str+6 Int+2}
  1851 | D:2      | Noticed Terence
  1862 | D:2      | Slain by Terence

Illustrated notes

Levels and vault maps discovered:
D:1:      dpeg_arrival_pits, layout_basic
D:2:      layout_loops_ring, hellmonk_ecumenical_altar_pennies_from_heaven,
          minmay_misc_feat_cross, minmay_divided_ellipse, uniq_terence

Skill      XL: |  1  2  3 |
---------------+----------+-----
Fire Magic     | 3 |  3.4
Spellcasting   | 3 |  3.1
Dodging        | |  1.9
Stealth        | |  1.7
Conjurations   | |  1.2

Action                   || total
-------------------------++-------
Melee: Unarmed           ||     4
       Punch             ||     1
       Club              ||     3
 Cast: Foxfire           ||    46
       Scorch            ||     7
Armor: Robe              ||     6
Dodge: Dodged            ||    18
